 Dungeon Crawl Stone Soup version 0.30-a0-465-g8901f6c8b5 (webtiles) character file.

Game seed: 17136299255309172519

409963 ragingrage the Ninja (level 22, -27/116 HPs)
             Began as a Spriggan Enchanter on Dec 16, 2022.
             Was the Champion of Dithmenos.
             Annihilated by a white very ugly thing (41 damage)
             ... on level 4 of the Depths on Dec 19, 2022.
             The game lasted 02:23:03 (70843 turns).

ragingrage the Ninja (Spriggan Enchanter)          Turns: 70843, Time: 02:23:04

Health: -27/116    AC: 14    Str: 10      XL:     22   Next: 44%
Magic:  25/40      EV: 54    Int: 17 (19) God:    Dithmenos [******]
Gold:   2941       SH: 13    Dex: 34      Spells: 22/47 levels left

rFire   . . .      SeeInvis +    a - +9 rapier "Ubalerch" {vorpal, rPois Will+ Str+4}
rCold   . . .      Faith    .    b - +2 buckler {reflect}
rNeg    . . .      Spirit   .    W - +2 acid dragon scales "Kiush" {Will+ rCorr Dex+6}
rPois   +          Reflect  +    O - +2 hat
rElec   .          Harm     .    g - +2 cloak
rCorr   +          Rampage  .    (gloves unavailable)
Will    +++++                    (boots unavailable) Stlth **********
                                 I - amulet of the acrobat
HPRegen 0.39/turn                U - +6 ring of dexterity
MPRegen 0.27/turn                y - ring "Xestul" {Fly Slay+5}

@: acrobatic, flying, very slightly contaminated, slowed, wreathed by umbra,
studying Stealth, quick
A: very small, no large weapons, unfitting armour, see invisible, speed 3
}: 2/15 runes: decaying, serpentine
a: Renounce Religion, Shadow Step, Shadow Form


You were on level 4 of the Depths.
You worshipped Dithmenos.
Dithmenos was exalted by your worship.
You visited 9 branches of the dungeon, and saw 42 of its levels.
You also visited: Bailey and Ice Cave.

You collected 6738 gold pieces.
You spent 3797 gold pieces at shops.

Inventory:

Hand Weapons
 a - the +9 rapier "Ubalerch" (weapon) {vorpal, rPois Will+ Str+4}
   (You found it on level 4 of the Dungeon)

   It inflicts extra damage upon your enemies.
   Str:       It affects your strength (+4).
   rPois:     It protects you from poison.
   Will:      It increases your willpower.
Missiles
 A - 12 throwing nets
 R - 6 datura-tipped darts
Armour
 b - a +2 buckler of reflection (worn)
 g - a +2 cloak (worn)
 O - a +2 hat (worn)
 W - the +2 acid dragon scales "Kiush" (worn) {Will+ rCorr Dex+6}
   (You bought it in a shop on level 3 of the Snake Pit)

   Dex:       It affects your dexterity (+6).
   rCorr:     It protects you from acid and corrosion.
   Will:      It increases your willpower.
Jewellery
 j - a ring of protection from fire
 y - the ring "Xestul" (right hand) {Fly Slay+5}
   (You acquired it on level 4 of the Lair of Beasts)

   [ring of flight]

   Slay:      It affects your accuracy & damage with ranged weapons and melee
   (+5).
   Fly:       It grants you flight.
 I - an amulet of the acrobat (around neck)
 P - the ring of Ru's Approval {rC+ Str+2 Int+6}
   (You took it off a deep elf master archer on level 3 of the Elven Halls)

   [ring of protection from cold]

   Str:       It affects your strength (+2).
   Int:       It affects your intelligence (+6).
   rC:        It protects you from cold.
 U - a +6 ring of dexterity (left hand)
Wands
 u - a wand of polymorph (18)
 w - a wand of iceblast (52)
 B - a wand of charming (37)
 C - a wand of mindburst (29)
 G - a wand of quicksilver (4)
 Y - a wand of digging (30)
 Z - a wand of flame (25)
Scrolls
 k - 10 scrolls of immolation
 m - 8 scrolls of fear
 n - 5 scrolls of poison
 q - 17 scrolls of teleportation
 t - 7 scrolls of magic mapping
 x - 9 scrolls of vulnerability
 z - 4 scrolls of blinking
 D - 3 scrolls of silence
 J - 3 scrolls of fog
 L - 3 scrolls of butterflies
 M - 5 scrolls of torment
 Q - 9 scrolls of amnesia
Potions
 e - 7 potions of brilliance
 h - 11 potions of attraction
 i - 6 potions of berserk rage
 o - 13 potions of heal wounds
 p - 5 potions of haste
 v - 3 potions of cancellation
 E - 6 potions of invisibility
 F - 17 potions of curing
 H - a potion of magic
 N - 5 potions of resistance
 S - 3 potions of might
 T - 5 potions of ambrosia
 V - 5 potions of mutation
 X - 5 potions of lignification
Miscellaneous
 c - a condenser vane (inert)
 d - a phial of floods
 f - a tin of tremorstones (2/2)
 l - a piece from Xom's chessboard (15/15)
 s - a box of beasts
 K - a phantom mirror


   Skills:
 + Level 12.4 Fighting
 - Level 14.0 Short Blades
 - Level 5.0 Armour
 + Level 16.9 Dodging
 O Level 27 Stealth
 - Level 9.0 Shields
 + Level 13.3 Spellcasting
 - Level 3.0 Conjurations
 + Level 21.1 Hexes
 - Level 7.0 Translocations
 - Level 3.0 Ice Magic
 + Level 12.5 Invocations
 - Level 20.0 Evocations


You had 22 spell levels left.
You knew the following spells:

 Your Spells              Type           Power      Damage    Failure   Level
a - Ensorcelled Hibernat  Hex/Ice        100%       N/A       1%          2
b - Slow                  Hex            100%       N/A       0%          1
c - Confusing Touch       Hex            70%        N/A       0%          3
d - Tukima's Dance        Hex            70%        N/A       0%          3
e - Dazzling Flash        Conj/Hex       100%       N/A       1%          3
f - Enfeeble              Hex            35%        N/A       2%          7
g - Blink                 Tloc           70%        N/A       1%          2
h - Cause Fear            Hex            35%        N/A       1%          4

Your spell library contained the following spells:

 Spells                   Type           Power      Damage    Failure   Level
 Inner Flame              Hex/Fire       47%        N/A       1%          3
 Portal Projectile        Hex/Tloc       100%       N/A       1%          3
 Summon Guardian Golem    Hex/Summ       47%        N/A       1%          3
 Anguish                  Hex/Necr       23%        N/A       1%          4
 Leda's Liquefaction      Hex/Erth       23%        N/A       1%          4
 Lesser Beckoning         Tloc           70%        N/A       2%          3
 Momentum Strike          Conj/Tloc      56%        3d9       3%          2
 Freeze                   Ice            84%        1d9       4%          1
 Summon Mana Viper        Hex/Summ       47%        N/A       6%          5
 Kiss of Death            Conj/Necr      64%        2d10      9%          1
 Frozen Ramparts          Ice            42%        1d7       14%         3
 Hailstorm                Conj/Ice       21%        3d6       14%         3
 Ozocubu's Armour         Ice            21%        N/A       14%         3
 Beastly Appendage        Tmut           22%        N/A       16%         1
 Necrotise                Necr           44%        1d6       16%         1
 Sandblast                Erth           22%        2d7       16%         1
 Sting                    Tmut/Pois      44%        1d5       16%         1
 Summon Small Mammal      Summ           44%        N/A       16%         1
 Discord                  Hex            35%        N/A       19%         8
 Iskenderun's Mystic Bla  Conj/Tloc      28%        2d7       21%         4
 Passwall                 Tmut/Erth      9%         N/A       24%         2
 Poisonous Vapours        Pois/Air       22%        N/A       24%         2
 Scorch                   Fire           22%        2d6       24%         2
 Sublimation of Blood     Necr           11%        N/A       24%         2
 Wereblood                Tmut           11%        N/A       24%         2
 Stone Arrow              Conj/Erth      32%        3d9       26%         3
 Spider Form              Tmut/Pois      11%        N/A       43%         3
 Vampiric Draining        Necr           11%        2d6       43%         3
 Flame Wave               Conj/Fire      16%        2d7       63%         4
 Summon Forest            Summ/Tloc      11%        N/A       71%         5
 Iskenderun's Battlesphe  Conj           21%        2d7       77%         5
 Animate Armour           Summ/Erth      22%        N/A       83%         4
 Animate Dead             Necr           11%        N/A       83%         4
 Dispel Undead            Necr           11%        3d9       83%         4
 Olgreb's Toxic Radiance  Pois           11%        N/A       83%         4
 Summon Lightning Spire   Summ/Air       11%        N/A       83%         4
 Freezing Cloud           Conj/Ice/Air   9%         6-21      88%         5
 Lightning Bolt           Conj/Air       8%         1d20      93%         5
 Agony                    Necr           11%        N/A       99%         5
 Blade Hands              Tmut           5%         N/A       99%         5
 Borgnjor's Vile Clutch   Necr/Erth      5%         N/A       99%         5
 Lee's Rapid Deconstruct  Erth           5%         3d6*      99%         5
 Conjure Ball Lightning   Conj/Air       8%         3x3d6     100%        6
 Death Channel            Necr           5%         N/A       100%        6
 Iron Shot                Conj/Erth      8%         9d3       100%        6
 Simulacrum               Ice/Necr       8%         N/A       100%        6
 Starburst                Conj/Fire      8%         6d4       100%        6
 Statue Form              Tmut/Erth      7%         N/A       100%        6
 Summon Cactus Giant      Summ           5%         N/A       100%        6
 Orb of Destruction       Conj           10%        9d6       100%        7
 Ozocubu's Refrigeration  Ice            10%        4d9       100%        7
 Spellforged Servitor     Conj/Summ      8%         N/A       100%        7
 Storm Form               Tmut/Air       5%         N/A       100%        7
 Summon Hydra             Summ           5%         N/A       100%        7
 Disjunction              Tloc           17%        N/A       100%        8
 Ignition                 Fire           5%         3d4       100%        8
 Maxwell's Capacitive Co  Air            5%         ∞         100%        8
 Polar Vortex             Ice            10%        N/A       100%        9


Dungeon Overview and Level Annotations

Branches:
Dungeon (15/15)            Temple (1/1) D:6            Lair (5/5) D:11
  Swamp (4/4) Lair:3        Snake (4/4) Lair:2        Slime (0/5) Lair:5
    Orc (2/2) D:11            Elf (3/3) Orc:2        Vaults (4/5) D:14
  Crypt (0/3) Vaults:3     Depths (4/4) D:15            Zot (0/5) Depths:4
 Bailey (visited)           IceCv (visited)

Altars:
Ashenzari
Cheibriados
Dithmenos
Elyvilon
Fedhas
Gozag
Hepliaklqana
Kikubaaqudgha
Makhleb
Nemelex Xobeh
Okawaru
Qazlal
Ru
Sif Muna
Trog
Uskayaw
Vehumet
Wu Jian
Xom
Yredelemnul
Zin
The Shining One
Jiyva
Lugonu

Shops:
D:1 ?   D:5 (   D:6 [?:   D:8 =   D:15 *   Orc:2 ??(:   Elf:2 (   Elf:3 :==?
Snake:3 [   Vaults:1 *((   Vaults:3 ?   Vaults:4 [   Depths:3 ([:

Portals:
Hell: Depths:1 Depths:2 Depths:3 Depths:4
Abyss: D:6 Depths:1 Depths:3
Pandemonium: Depths:2 Depths:4
Ziggurat: Depths:2

Annotations:
D:4 1 runed translucent door, Bediveer's ghost, amateur BaHu
D:6 2 transporters, dornbeast's ghost, novice DrRe
Lair:5 1 runed translucent door, exclusions: 3 oklob plants and 1 more exclusion, Strat's ghost, journeyman MeWr
Swamp:4 3 runed translucent doors, NinjaNoafa's ghost, adept MiFi
Snake:1 2 exclusions
Elf:2 3 runed translucent doors
Depths:4 exclusions: 3 caustic shrikes and 6 more exclusions


Innate Abilities, Weirdness & Mutations

You are very small and have problems with some larger weapons.
You are too small for most types of armour.
You have supernaturally acute eyesight. (SInv)
You cover ground extremely quickly. (Speed+++)


Message History

You block the tengu conjurer's attack. The tengu conjurer misses you.
The tengu conjurer completely misses you.
You catch the helpless tengu conjurer completely off-guard!
You spit the tengu conjurer like a pig!!!!
You kill the tengu conjurer!
Dithmenos accepts your kill.
A white very ugly thing comes into view.
The white very ugly thing misses you.
You block the white very ugly thing's attack.
You see here a tengu corpse.
The white ugly thing basks in the mutagenic energy from its kin and changes!
There is an open door here.
The white very ugly thing misses you.
Aiming: Enfeeble (dangerous; 2% risk of failure)
Press: ? - help, Q - select action, (/) - cycle Shift-Dir - straight line, f - white very ugly thing
Aim: a white very ugly thing (umbra, will inflict weakness, chance to daze and blind: 95%)
You miscast Enfeeble.
You are very lightly contaminated with residual magic.
Strange energies run through your body.
You feel yourself slow down.
You block the white very ugly thing's attack.
You impale the white very ugly thing!!
The white very ugly thing is lightly wounded.
The white very ugly thing basks in the mutagenic energy from its kin and changes!
The white very ugly thing punches you!
The white very ugly thing freezes you!!!
You emit a cloud of dark smoke.
You impale the white very ugly thing!!
The white very ugly thing is heavily wounded.
Your shadow hits the white very ugly thing with a rapier.
The white very ugly thing punches you. The white very ugly thing freezes you!!
* * * LOW HITPOINT WARNING * * *
There is an escape hatch in the ceiling here.
The white very ugly thing attacks as you move away!
The white very ugly thing punches you but does no damage.
There is an open door here.
The white very ugly thing attacks as you move away!
The white very ugly thing punches you!
* * * LOW HITPOINT WARNING * * *
The white very ugly thing freezes you!!!
You die...

....†...# #.# #.#
........# #.# #.#
........# #.# ##'######
..uu.u..# #.# #.......#
......u.# #.# #...(...#
........# #§# #.......#
......uu###§####.......#
.....u..u§§§§..#.....<.#
........###§##<#@......#
........# #§§..u......)+
........# ####.#.......#
..........# #.####+####
..........# #.#
...######[# #.#
...#≈≈≈≈#.# #.#
...#≈≈≈≈#.# ...
..b#≈C≈≈#.# #.#


You could see a white very ugly thing.

Vanquished Creatures
  Mara (Vaults:2)
  4 juggernauts
  Vashnia (Snake:4)
  A caustic shrike (Depths:3)
  Xtahua (Vaults:2)
  Nikola (Depths:2)
  2 golden dragons
  A bone dragon (Depths:4)
  The ghost of Affoawku the Black Belt, an adept DsBe of Trog (Depths:1)
  A lich (Depths:2)
  2 deep elf blademasters (Elf:3)
  Asterion (Vaults:1)
  3 tentacled monstrosities
  Mlioglotl (Swamp:1)
  2 titans
  A walking frostbound tome (Depths:3)
  2 deep elf master archers (Elf:3)
  7 sphinxes
  The ghost of Ypuomp the Whirler, an adept HaHu of Okawaru (Depths:4)
  3 thorn hunters
  A shadow dragon (Depths:3)
  2 nagarajas (Snake:4)
  2 tengu reavers
  10 fire giants
  4 deep elf sorcerers (Elf:3)
  11 frost giants
  12 vault wardens
  4 deep elf elementalists
  A spriggan defender (Depths:2)
  3 very ugly things
  A draconian stormcaller (Depths:4)
  14 ironbound preservers
  4 ironbound thunderhulks
  3 eleionomae
  2 juggernaut skeletons
  2 vampire knights (Depths:3)
  12 stone giants
  A lorocyproca (Depths:4)
  6 deep elf demonologists
  4 deep elf annihilators (Elf:3)
  5 bunyips
  11 dire elephants (Vaults:1)
  5 spark wasps
  2 merfolk javelineers (Depths:2)
  A blizzard demon (Depths:2)
  4 deep elf death magi (Elf:3)
  3 jiangshi (Depths:2)
  9 ettins
  2 fire dragons
  Josephine (D:14)
  3 entropy weavers (Vaults:1)
  7 yaktaur captains
  4 great orbs of eyes (Vaults:3)
  2 deep elf high priests (Elf:3)
  12 ice dragons
  A rakshasa (Depths:2)
  Fannar (Orc:1)
  Harold (D:11)
  4 salamander tyrants (Snake:4)
  2 catoblepae
  15 hydras
  9 ironbound frosthearts
  3 spriggan air magi
  5 vault guards
  Erolcha (Orc:1)
  3 boulder beetles
  8 centaur warriors
  4 alligators
  3 two-headed ogres
  12 anacondas
  8 dancing weapons
  3 death yaks (Lair:1)
  3 deep troll shamans
  13 naga warriors
  9 deep troll earth magi
  6 orc high priests
  5 vampire magi
  5 tengu warriors
  20 naga sharpshooters
  A spriggan berserker (Depths:3)
  A titan zombie (Depths:2)
  Urug (Orc:1)
  7 deep elf knights
  2 sun demons
  9 shock serpents
  7 iron trolls
  8 goliath frogs
  A sixfirhy (Depths:4)
  3 skeletal warriors
  A spark wasp zombie (D:15)
  3 flayed ghosts
  4 salamander mystics
  61 deep trolls
  3 glowing orange brains
  13 lindwurms
  9 wizards
  14 swamp dragons
  6 spriggan druids
  18 naga ritualists
  4 bog bodies
  9 deep elf archers
  13 ironbound convokers
  3 necromancers
  24 deep elf pyromancers
  13 harpies
  8 orc knights
  33 ugly things
  4 oklob plants (Lair:2)
  10 mana vipers
  22 deep elf zephyrmancers
  A wolf spider (shapeshifter) (Depths:2)
  4 will-o-the-wisps
  2 orc sorcerers
  A faun (shapeshifter) (Depths:3)
  A fire giant skeleton (Depths:2)
  11 salamanders
  3 manticores
  A stone giant skeleton (D:15)
  5 cyclopes
  An iron dragon skeleton (Depths:2)
  A frost giant skeleton (D:15)
  2 rust devils (Depths:2)
  55 black mambas
  13 naga magi
  18 vault sentinels
  7 guardian serpents
  A water nymph (shapeshifter) (Depths:2)
  An unseen horror (shapeshifter) (D:13)
  3 gargoyles
  2 rime drakes
  An orange demon (Depths:4)
  14 cane toads
  An unseen horror (D:13)
  47 yaktaurs
  3 tengu conjurers
  11 komodo dragons
  An efreet (D:13)
  An ice devil (Depths:2)
  A yaktaur skeleton (Vaults:2)
  2 bloated husks
  A troll (shapeshifter) (D:15)
  6 tyrant leeches
  5 trolls
  A tarantella (Vaults:1)
  45 slime creatures
  7 hornets
  16 blink frogs
  8 dream sheep
  3 polar bears
  Sigmund (D:2)
  A jumping spider (shapeshifter) (D:15)
  7 spriggans
  An air elemental (Elf:3)
  A deep troll skeleton (Vaults:2)
  A shadow (D:11)
  8 wraiths
  27 yaks
  10 water elementals
  6 wyverns
  3 fire elementals
  2 humans (shapeshifter) (D:14)
  5 basilisks
  A neqoxec (Depths:4)
  2 steam dragons
  16 redbacks
  4 vampire mosquitoes
  An ogre zombie (Vaults:2)
  48 nagas
  2 wargs
  2 acid dragons
  15 swamp worms
  16 water moccasins
  A hydra simulacrum (IceCv)
  2 floating eyes
  48 orc warriors
  7 swamp drakes
  3 ice beasts (D:11)
  2 black bears
  4 ogres
  8 boggarts
  18 wolves
  6 centaurs
  2 human zombies (Vaults:2)
  4 gnoll sergeants
  An earth elemental (Elf:1)
  6 bullfrogs
  3 scorpions
  3 wights (D:9)
  An elephant simulacrum (IceCv)
  2 electric eels
  5 howler monkeys
  32 orc priests
  7 hounds
  3 gnoll boudas (D:5)
  16 orc wizards
  3 iguanas
  A polar bear simulacrum (IceCv)
  A wolf simulacrum (IceCv)
  31 gnolls
  7 adders
  5 white imps
  A worm (D:2)
  A dart slug (D:4)
  96 orcs
  6 ball pythons
  7 bats
  3 endoplasms
  A giant cockroach (D:2)
  2 hobgoblins (D:3)
  3 jackals (D:5)
  3 quokkas
  2 frilled lizards (D:3)
  7 goblins
  3 kobolds
  8 rats
1528 creatures vanquished.

Vanquished Creatures (collateral kills)
  A tentacled monstrosity (Swamp:3)
  Frances (Swamp:1)
  Aizul (Snake:3)
  A naga sharpshooter (Snake:3)
  A naga warrior (Snake:4)
  A naga ritualist (Snake:3)
  A naga mage (Snake:3)
  A slime creature (Vaults:4)
  2 nagas (Snake:3)
  4 orc warriors
  A gnoll sergeant (D:5)
  An orc priest (Orc:2)
  A gnoll (D:5)
  2 orcs
19 creatures vanquished.

Vanquished Creatures (others)
  A vault warden (Vaults:2)
  2 very ugly things (Depths:3)
  An orc knight (Orc:1)
  A necromancer (Vaults:2)
  An ugly thing (Depths:3)
  A naga mage (Snake:1)
  21 dancing weapons
  An orc warrior (Bailey)
  A boggart (Vaults:1)
  A gnoll (D:5)
  A briar patch (Swamp:4)
  59 bushes (Depths:3)
  36 fungi
  59 plants
  2 withered plants (D:15)
188 creatures vanquished.

Grand Total: 1735 creatures vanquished

Notes
Turn   | Place    | Note
-------+----------+-------------------------------------------
     0 | D:1      | ragingrage the Spriggan Enchanter began the quest for the
                  | Orb.
     0 | D:1      | Reached XP level 1. HP: 9/9 MP: 5/5
   180 | D:1      | Reached XP level 2. HP: 13/13 MP: 6/6
   183 | D:1      | Learned a level 2 spell: Ensorcelled Hibernation
   508 | D:1      | You fall into a shaft and drop 1 floor!
   965 | D:1      | Found Zozupobb's Magic Scroll Shop.
   973 | D:1      | Bought a scroll of fear for 48 gold pieces
  1110 | D:2      | Reached XP level 3. HP: 16/16 MP: 8/8
  1122 | D:2      | Found a shimmering altar of Xom.
  1409 | D:2      | Noticed Sigmund
  1669 | D:3      | Reached skill level 5 in Stealth
  1669 | D:3      | Reached XP level 4. HP: 12/21 MP: 4/9
  1759 | D:3      | HP: 1/21 [poisoned by an adder]
  2521 | D:4      | Reached XP level 5. HP: 18/24 MP: 7/10
  2610 | D:4      | Found a runed translucent door.
  2610 | D:4      | Noticed Bediveer's ghost (amateur BaHu)
  2677 | D:4      | Identified the +9 rapier "Ubalerch" {vorpal, rPois Will+
                  | Str+4}
  2954 | D:5      | Entered Level 5 of the Dungeon
  3021 | D:4      | Learned a level 1 spell: Slow
  3025 | D:4      | Learned a level 3 spell: Confusing Touch
  3029 | D:4      | Learned a level 3 spell: Tukima's Dance
  3107 | D:5      | Noticed an ogre
  3236 | D:5      | Reached skill level 6 in Stealth
  3239 | D:5      | Reached XP level 6. HP: 15/28 MP: 3/11
  3338 | D:5      | Reached skill level 5 in Hexes
  3441 | D:5      | Reached skill level 5 in Short Blades
  3441 | D:5      | Reached skill level 5 in Dodging
  3441 | D:5      | Reached XP level 7. HP: 5/32 MP: 8/12
  3649 | D:5      | Reached skill level 7 in Stealth
  3901 | D:5      | Reached skill level 1 in Ice Magic
  4453 | D:5      | Reached XP level 8. HP: 36/36 MP: 13/13
  4781 | D:5      | Found Eceujaeh's Antique Weapon Boutique.
  4794 | D:5      | Bought a twisted sling for 182 gold pieces
  4794 | D:5      | Identified the +4 sling of Demonkind {speed, rN++} (You
                  | bought it in a shop on level 5 of the Dungeon)
  4848 | D:5      | Reached skill level 8 in Stealth
  6152 | D:6      | Found a transporter.
  6152 | D:6      | Found a one-way gate to the infinite horrors of the Abyss.
  6152 | D:6      | Noticed dornbeast's ghost (novice DrRe)
  6166 | D:6      | Found a staircase to the Ecumenical Temple.
  6178 | Temple   | Entered the Ecumenical Temple
  6579 | D:6      | Noticed a rust devil
  6586 | D:6      | Noticed a worldbinder
  6594 | D:6      | Found a transporter.
  6635 | D:6      | Found Anwuvivi's Magic Scroll Shop.
  6640 | D:6      | Bought a scroll of teleportation for 39 gold pieces
  6640 | D:6      | Bought a scroll of poison for 52 gold pieces
  6640 | D:6      | Bought a scroll of vulnerability for 52 gold pieces
  6731 | D:6      | Found Elytajuq's Antique Armour Boutique.
  7058 | D:2      | Killed Sigmund
  7223 | D:2      | Reached skill level 9 in Stealth
  7639 | D:6      | Found Vouduimi's Book Boutique.
  7814 | D:7      | Found a shadowy altar of Dithmenos.
  7818 | D:7      | Became a worshipper of Dithmenos the Shadowed
  7836 | D:7      | Reached XP level 9. HP: 31/39 MP: 14/14
  8338 | D:7      | Reached skill level 10 in Stealth
  8432 | D:8      | Found Wiapuin's Jewellery Emporium.
  8520 | D:8      | Reached skill level 1 in Evocations
  9189 | D:9      | Noticed a green ugly thing
  9196 | D:9      | Killed a green ugly thing
  9196 | D:9      | Reached * piety under Dithmenos
  9197 | D:9      | Reached skill level 10 in Short Blades
  9232 | D:9      | Noticed a two-headed ogre
  9243 | D:9      | Killed a two-headed ogre
  9244 | D:9      | Reached skill level 11 in Stealth
  9244 | D:9      | Reached XP level 10. HP: 44/44 MP: 12/15
  9331 | D:9      | Reached skill level 5 in Evocations
  9642 | D:9      | Reached skill level 12 in Stealth
 10081 | D:10     | Entered Level 10 of the Dungeon
 10185 | D:10     | Found a flagged portal.
 10252 | Bailey   | Entered a bailey
 10265 | Bailey   | Reached ** piety under Dithmenos
 11561 | D:11     | Noticed Harold
 11563 | D:11     | Killed Harold
 11564 | D:11     | Reached skill level 13 in Stealth
 11565 | D:11     | Noticed a red ugly thing
 11574 | D:11     | Killed a red ugly thing
 11594 | D:11     | Found a staircase to the Orcish Mines.
 11771 | D:10     | Reached XP level 11. HP: 47/47 MP: 11/16
 11865 | D:11     | Found a staircase to the Lair.
 11919 | D:11     | Reached skill level 14 in Stealth
 12046 | D:11     | Reached *** piety under Dithmenos
 13278 | D:12     | Noticed a red ugly thing
 13294 | D:12     | Killed a red ugly thing
 13751 | D:12     | Noticed a two-headed ogre
 13758 | D:12     | Killed a two-headed ogre
 13759 | D:12     | Reached skill level 15 in Stealth
 14212 | D:12     | Found an ornate altar of the Wu Jian Council.
 14288 | D:13     | Noticed a purple ugly thing
 14295 | D:13     | Killed a purple ugly thing
 14471 | D:13     | Reached skill level 1 in Fighting
 14471 | D:13     | Reached skill level 10 in Hexes
 14521 | D:13     | Reached skill level 1 in Shields
 14641 | D:13     | Noticed a centaur warrior
 14659 | D:13     | Killed a centaur warrior
 14660 | D:13     | Reached XP level 12. HP: 20/54 MP: 19/19
 15144 | Lair:1   | Entered Level 1 of the Lair of Beasts
 15177 | D:11     | Learned a level 3 spell: Dazzling Flash
 15184 | Lair:1   | Reached **** piety under Dithmenos
 15427 | Lair:1   | Found a frozen archway.
 15446 | IceCv    | Entered an ice cave
 15449 | IceCv    | Found a transporter.
 15463 | IceCv    | Found a transporter.
 15593 | Lair:1   | Noticed a death yak
 15594 | Lair:1   | Noticed a death yak
 15595 | Lair:1   | Noticed a death yak
 15598 | Lair:1   | Killed a death yak
 15599 | Lair:1   | Killed a death yak
 15601 | Lair:1   | Killed a death yak
 16294 | Lair:2   | Reached skill level 16 in Stealth
 16294 | Lair:2   | Reached skill level 1 in Invocations
 16392 | Lair:2   | Noticed a seven-headed hydra
 16397 | Lair:2   | Killed a seven-headed hydra
 16711 | Lair:2   | Found a staircase to the Snake Pit.
 17203 | Lair:2   | Identified the +2 ring mail of Jedaqe {rCorr Int+4 Dex+4}
 17398 | Lair:2   | Reached XP level 13. HP: 61/61 MP: 20/20
 18797 | Lair:3   | Reached ***** piety under Dithmenos
 19096 | Lair:3   | Found a staircase to the Swamp.
 19740 | Lair:4   | Reached skill level 17 in Stealth
 19748 | Lair:4   | Identified a scroll of acquirement
 19748 | Lair:4   | Acquired the ring "Xestul" {Fly Slay+5}
 20506 | D:6      | Bought a book of Maledictions for 260 gold pieces
 20514 | D:6      | Learned a level 7 spell: Enfeeble
 20727 | Lair:5   | Entered Level 5 of the Lair of Beasts
 20958 | Lair:5   | Reached skill level 5 in Fighting
 21206 | Lair:5   | Found a runed translucent door.
 21209 | Lair:5   | Noticed Strat's ghost (journeyman MeWr)
 21583 | Lair:5   | Found a viscous altar of Jiyva.
 21586 | Lair:5   | Found a staircase to the Slime Pits.
 22127 | Orc:1    | Entered Level 1 of the Orcish Mines
 22300 | Orc:1    | Reached XP level 14. HP: 66/68 MP: 10/21
 22490 | Orc:1    | Noticed Fannar
 22614 | Orc:1    | Killed Fannar
 22624 | Orc:1    | Reached skill level 5 in Invocations
 22731 | Orc:1    | Reached skill level 10 in Dodging
 22878 | Orc:2    | Entered Level 2 of the Orcish Mines
 23310 | Orc:2    | Reached skill level 1 in Conjurations
 23352 | Orc:1    | Noticed Erolcha
 23352 | Orc:1    | Noticed Urug
 23357 | Orc:1    | Killed Urug
 23369 | Orc:1    | Killed Erolcha
 23534 | Orc:2    | Found a staircase to the Elven Halls.
 23675 | Orc:2    | Reached skill level 5 in Shields
 23934 | Orc:2    | Reached ****** piety under Dithmenos
 25102 | Orc:2    | Reached skill level 18 in Stealth
 25161 | Orc:2    | Upgraded the game from 0.30-a0-462-gd5975efbca to
                  | 0.30-a0-465-g8901f6c8b5
 25536 | Orc:2    | Found Waexkad's Weapon Shop.
 25536 | Orc:2    | Found Atis's Book Shop.
 25537 | Orc:2    | Found Koetov's Magic Scroll Shop.
 25537 | Orc:2    | Found Miupe's Magic Scroll Boutique.
 25545 | Orc:2    | Bought a scroll of acquirement for 728 gold pieces
 25545 | Orc:2    | Acquired a +1 quick blade of holy wrath
 25556 | Orc:2    | Bought a scroll of enchant weapon for 82 gold pieces
 25557 | Orc:2    | Bought a book of Spatial Translocations for 340 gold pieces
 25560 | Orc:2    | Learned a level 2 spell: Blink
 25771 | Snake:1  | Entered Level 1 of the Snake Pit
 25828 | Snake:1  | Reached skill level 1 in Translocations
 28264 | Snake:2  | Reached XP level 15. HP: 74/74 MP: 22/22
 28271 | Snake:2  | Found a white marble altar of Elyvilon.
 29535 | Snake:2  | Reached skill level 5 in Translocations
 29830 | Snake:2  | Reached skill level 19 in Stealth
 30302 | Snake:3  | Noticed Aizul
 30313 | Snake:3  | Killed Aizul
 30795 | Snake:3  | Identified the +1 scale mail "Holokh" {Int+2 Dex+2}
 32290 | Snake:3  | Reached XP level 16. HP: 81/81 MP: 16/23
 32567 | Snake:3  | Found Keresaspa's Dragon-Slaying Spoils.
 32967 | Snake:4  | Entered Level 4 of the Snake Pit
 34389 | Snake:4  | Noticed Vashnia
 34681 | Snake:3  | Reached skill level 20 in Stealth
 35487 | Snake:3  | Found Keresaspa's Dragon-Slaying Spoils.
 35689 | Snake:4  | Killed Vashnia
 36128 | Snake:4  | Reached skill level 15 in Hexes
 36922 | D:14     | Noticed Josephine
 36924 | D:14     | Killed Josephine
 37145 | D:14     | Found a gate to the Vaults.
 37659 | D:15     | Entered Level 15 of the Dungeon
 37762 | D:15     | Found a staircase to the Depths.
 38163 | D:15     | Got the Quarto of Generation and the Squall
 38278 | D:15     | Found Kury's Assorted Antiques.
 38363 | D:15     | Bought a runed cloak for 180 gold pieces
 38364 | D:15     | Bought a tiny copper amulet for 120 gold pieces
 38858 | Swamp:1  | Entered Level 1 of the Swamp
 38868 | Swamp:1  | Noticed Frances
 38887 | Swamp:1  | Killed Frances
 38988 | Swamp:1  | You are sucked into a shaft and drop 1 floor!
 39213 | Swamp:2  | Reached XP level 17. HP: 88/88 MP: 18/24
 39973 | Swamp:3  | Reached skill level 21 in Stealth
 40703 | Swamp:3  | Acquired a book of Hexes
 40705 | Swamp:3  | Acquired 461 gold pieces
 41109 | Swamp:4  | Entered Level 4 of the Swamp
 41110 | Swamp:4  | Noticed a tentacled monstrosity
 41650 | Swamp:3  | Killed a tentacled monstrosity
 41755 | Swamp:4  | Found a runed translucent gate.
 41756 | Swamp:4  | Found a runed translucent gate.
 41756 | Swamp:4  | Found a runed translucent gate.
 41758 | Swamp:4  | Noticed NinjaNoafa's ghost (adept MiFi)
 42158 | Swamp:4  | Reached skill level 5 in Spellcasting
 42188 | Swamp:4  | Reached skill level 22 in Stealth
 42192 | Swamp:4  | Reached skill level 10 in Fighting
 43484 | Swamp:4  | Got a decaying rune of Zot
 43861 | Swamp:1  | Noticed Mlioglotl
 44057 | Swamp:1  | Killed Mlioglotl
 44058 | Swamp:1  | Reached skill level 23 in Stealth
 45941 | Snake:4  | Reached XP level 18. HP: 57/93 MP: 24/30
 46269 | Snake:3  | Bought the +2 acid dragon scales "Kiush" {Will+ rCorr
                  | Dex+6} for 1052 gold pieces
 46641 | Snake:4  | Reached skill level 24 in Stealth
 46732 | Snake:4  | Got a serpentine rune of Zot
 47034 | Elf:1    | Entered Level 1 of the Elven Halls
 48432 | Elf:1    | Got the Reference Book on Summoning
 49224 | Elf:2    | Found a runed translucent gate.
 49224 | Elf:2    | Found a runed translucent gate.
 49224 | Elf:2    | Found a runed translucent gate.
 49230 | Elf:2    | Reached skill level 25 in Stealth
 49437 | Elf:2    | Found Ytuenomm's Weapon Shoppe.
 49997 | Elf:3    | Entered Level 3 of the Elven Halls
 50034 | Elf:3    | Reached skill level 10 in Spellcasting
 50070 | Elf:3    | Found Etux's Magic Scroll Emporium.
 50070 | Elf:3    | Found Hamethra's Book Shoppe.
 50072 | Elf:3    | Found Uweggewi's Jewellery Emporium.
 50073 | Elf:3    | Found Coinow's Jewellery Shoppe.
 50080 | Elf:3    | Bought a scroll of teleportation for 33 gold pieces
 50080 | Elf:3    | Bought a scroll of acquirement for 572 gold pieces
 50082 | Elf:3    | Acquired 529 gold pieces
 50166 | Elf:3    | Found a radiant altar of Vehumet.
 51139 | Elf:3    | Paralysed by an air elemental for 1 turns
 51779 | Elf:3    | Identified the ring of Ru's Approval {rC+ Str+2 Int+6}
 51989 | Elf:3    | Identified the +8 broad axe "Dateug Davo" {antimagic, rPois
                  | rN+ Str+4 Int+5}
 53252 | Elf:3    | Identified the +2 rapier "Gemunov" {drain, rPois rF+ rN+
                  | Int+5}
 53279 | Elf:3    | Identified the +1 scimitar of Cruel Justice {flame, rPois
                  | Will+ Dex-2 Stlth+}
 53667 | Vaults:1 | Entered Level 1 of the Vaults
 53698 | Vaults:1 | Reached XP level 19. HP: 98/98 MP: 35/35
 53748 | Vaults:1 | Reached skill level 26 in Stealth
 53902 | Vaults:1 | Reached skill level 10 in Evocations
 53999 | Vaults:1 | Found Ganufid's Antique Weapon Shop.
 54714 | Vaults:1 | Reached skill level 27 in Stealth
 54854 | Vaults:1 | Found Diynk's Assorted Antiques.
 54862 | Vaults:1 | Bought a scroll of teleportation for 57 gold pieces
 55274 | Vaults:1 | Found Cohaes Sual's Weapon Shop.
 55685 | Vaults:1 | Noticed Asterion
 55692 | Vaults:1 | Killed Asterion
 55728 | Vaults:1 | Reached skill level 15 in Evocations
 56259 | Vaults:2 | Noticed Xtahua
 56284 | Vaults:2 | Killed Xtahua
 56592 | Vaults:2 | Noticed Mara
 56659 | Vaults:2 | Killed Mara
 57630 | Vaults:2 | Learned a level 4 spell: Cause Fear
 57782 | Vaults:2 | Reached XP level 20. HP: 102/102 MP: 36/36
 58474 | Vaults:3 | Reached skill level 1 in Armour
 59225 | Vaults:3 | Found Xeavvurgh's Magic Scroll Shop.
 60272 | Vaults:3 | Found a staircase to the Crypt.
 60386 | Vaults:3 | Identified the +4 shortbow of Okawaru's Grace {vorpal, rC-
                  | Dex+4 Stlth+}
 60742 | Vaults:4 | Found Zogig's Antique Armour Shop.
 61105 | Vaults:4 | Reached skill level 10 in Invocations
 62794 | Vaults:4 | Reached XP level 21. HP: 81/109 MP: 24/37
 63168 | Depths:1 | Entered Level 1 of the Depths
 63187 | Depths:1 | Found a runed translucent door.
 63187 | Depths:1 | Noticed Affoawku's ghost (adept DsBe)
 63256 | Depths:1 | Killed Affoawku's ghost
 63619 | Depths:1 | Reached skill level 15 in Dodging
 64337 | Depths:1 | Found a gateway to Hell.
 64899 | Depths:2 | You are sucked into a shaft and drop 1 floor!
 64899 | Depths:3 | Found Qoyvao's Weapon Boutique.
 64933 | Depths:2 | Found a one-way gateway to a ziggurat.
 64970 | Depths:2 | Noticed Nikola
 65232 | Depths:2 | Killed Nikola
 65790 | Depths:2 | Reached skill level 5 in Armour
 66538 | Depths:2 | Noticed a juggernaut
 66541 | Depths:2 | Killed a juggernaut
 66552 | Depths:2 | Noticed a golden dragon
 66553 | Depths:2 | Noticed a juggernaut
 66555 | Depths:2 | Killed a golden dragon
 66567 | Depths:2 | Killed a juggernaut
 66954 | Depths:2 | Found a one-way gate leading to the halls of Pandemonium.
 67673 | Depths:3 | Noticed a juggernaut
 67675 | Depths:3 | Killed a juggernaut
 67678 | Depths:3 | Identified the +8 mace "Tasus" {spect, *Noise rN+ Will+++
                  | rCorr}
 67743 | Depths:3 | Noticed a caustic shrike
 67750 | Depths:3 | Killed a caustic shrike
 67751 | Depths:3 | Reached XP level 22. HP: 100/115 MP: 25/39
 67804 | Depths:3 | Noticed a golden dragon
 67870 | Depths:3 | Killed a golden dragon
 67981 | Depths:3 | Noticed a juggernaut
 67993 | Depths:3 | Killed a juggernaut
 69666 | Depths:3 | Found Qukudy Qiakh's Armour Shop.
 69906 | Depths:3 | Found a corrupted altar of Lugonu.
 69940 | Depths:3 | Found Usedu's Book Boutique.
 69983 | Depths:4 | Entered Level 4 of the Depths
 70226 | Depths:4 | Found a runed translucent gate.
 70227 | Depths:4 | Found a runed translucent gate.
 70227 | Depths:4 | Found a runed translucent gate.
 70228 | Depths:4 | Noticed Ypuomp's ghost (adept HaHu)
 70239 | Depths:4 | Killed Ypuomp's ghost
 70672 | Depths:4 | Found a gate to the Realm of Zot.
 70799 | Depths:4 | Noticed a caustic shrike
 70800 | Depths:4 | Noticed a caustic shrike
 70800 | Depths:4 | Noticed a caustic shrike
 70843 | Depths:4 | Annihilated by a white very ugly thing

Illustrated notes

Levels and vault maps discovered:
D:1:      spicycebolla_arrival_ecumenical, layout_basic, serial_shops, shop,
          chequers_serial_rivers_micro_d
D:2:      layout_loops_ring, serial_forest, infiniplex_forest_clump_small,
          infiniplex_forest_lined_ring, infiniplex_forest_straight_4,
          infiniplex_forest_corner_1, infiniplex_forest_diagonal, basic_altar,
          hangedman_decor_clover_reticule, uniq_sigmund
D:3:      layout_basic
D:4:      layout_loops_ring, hellmonk_ghost_happy_afterlife, chequers_garden
D:5:      layout_cave_pools, serial_gnoll_camp, gnoll_camp_mini_hut,
          gnoll_camp_mini_hut, gnoll_camp_huts_moat, gnoll_camp_medium_01,
          gnoll_camp_mini_shop
D:6:      layout_basic, minmay_temple_entry_offerings, serial_shops, shop,
          nicolae_shop_hallway_plus, shop, gammafunk_ghost_abyssal_escape,
          item_on_display_a
D:7:      layout_rooms, grunt_dithmenos_smoke_and_mirrors,
          kennysheep_generic_room_2
D:8:      layout_cave_pools, serial_shops, shop, nicolae_benzene_ring
D:9:      layout_loops_ring, serial_bayou_crossing
D:10:     layout_basic, lightli_bailey_entry_fortress
D:11:     layout_loops_cross, hellmonk_lair_entry_icy,
          minmay_orc_entry_temple_small, serial_co_window_serial,
          co_window_cross_1, co_window_cross_1, co_window_paths_a,
          co_window_corner_a, co_window_of_opportunity_a, co_window_cross_3,
          co_window_corner_b, co_window_broadway_b, co_window_corner_b,
          co_window_corner_b, glass_columns_c, uniq_harold
D:12:     layout_gridville, nicolae_wu_jian_glorious_leap
D:13:     layout_irregular_city
D:14:     layout_gridville, skrybe_vaults_entry_preservation,
          reono_crystal_passage, water_boxes_lemuel, uniq_josephine
D:15:     gammafunk_depths_entry_grave, layout_basic, serial_shops,
          nicolae_shop_crystal
Temple:   roderic_octagonal_lattice_temple
Lair:1:   layout_cave_pods, portal_ice_cave_entry_pillars_2, grunt_megastairs_4,
          serial_bayou_shore_a
Lair:2:   minmay_lair_oklob_tunnel, layout_loops_ring,
          guppyfry_snake_entry_garden, nicolae_quartered_pool_medium,
          dreamdust_mushroom_princess, minmay_lindwurm_lava
Lair:3:   layout_layer_cave, swamp_mist_pool, hangedman_lair_unloving_vines
Lair:4:   layout_regular_city, grunt_megastairs_2
Lair:5:   cheibrodos_lair_end_hotspot, layout_loops_ring,
          minmay_slime_entry_oklob_enclosed, ebering_ghost_reflecting_pool
Swamp:1:  layout_basic_swamp, evilmike_swamp_ruin_house_1, swamp_pool2,
          infiniplex_staircase_pool, uniq_mlioglotl, uniq_frances
Swamp:2:  layout_basic_swamp, evilmike_swamp_ruin_rubble_2, swamp_pool2
Swamp:3:  layout_basic_swamp, evilmike_swamp_ruin_house_2, swamp_pool1,
          nicolae_swamp_stair_fork, nicolae_swamp_trees_clearing
Swamp:4:  swamp_alternative, layout_basic_swamp, gammafunk_ghost_hydra_chop
Snake:1:  layout_onion_interference, grunt_ministairs_6, nicolae_triple_integral
Snake:2:  layout_chambers, basic_altar, nicolae_snake_naga_rites
Snake:3:  layout_cave_town, st_stairs_3, nicolae_shop_dragon_depot,
          nicolae_elevator_lobby_plus, uniq_aizul
Snake:4:  johnstein_snake_rune_scales, layout_layer_cave, uniq_vashnia
Orc:1:    layout_diamond_mine, basic_altar, sword_in_stone, uniq_erolcha,
          uniq_urug, uniq_fannar
Orc:2:    st_orc_pillars, layout_diamond_mine
Elf:1:    elf_arrival_002, layout_loops_corners, minmay_elf_demonology,
          minivault_27, minmay_misc_feat_columns
Elf:2:    nicolae_elf_blades_splatter_lattice
          [nicolae_blade_entry_floor_patterns], layout_gridlike,
          serial_corexii_hall, chequers_hall_statues_wall_a,
          corexii_hall_statues_l, minmay_shop_star, uniq_donald
Elf:3:    elf_hall_gauntlet_narrow, layout_loops_corners, basic_altar,
          minmay_shoptagon
Vaults:1: nicolae_vaults_network_barrier, hangedman_vaults_nails,
          nicolae_vaults_windows_and_doors_thing, v_misc_1,
          vaults_mumra_minichess, v_pattern_3, st_spiral_rooms,
          ontoclasm_vaults_bender, grunt_vaults_focal, ontoclasm_vaults_idyll,
          vaults_dpeg_encased_lava, layout_vaults_omnibox, serial_shops,
          nicolae_shop_behind_doors, nicolae_shop_advertising_works
          [nicolae_subvault_shop_adworks], nicolae_shop_waterfront,
          uniq_asterion
Vaults:2: vaults_room_stairs_pillars, hangedman_vaults_hat,
          vaults_room_fancy_cross, hangedman_vaults_river_flow,
          vaults_room_pool, ontoclasm_vaults_ring_small, vaults_room_corners,
          hangedman_vaults_impose, layout_vaults_quadrants, uniq_mara,
          uniq_xtahua
Vaults:3: v_misc_28, v_misc_33, v_misc_26, nicolae_vaults_big_angled_halls,
          vaults_room_door_ring, v_misc_4, v_pattern_1, hangedman_vaults_impose,
          nicolae_vaults_diagonal_hallway_7, v_rooms_2, grunt_vaults_diagonal,
          minmay_crypt_entry_simple_round, v_misc_19, ontoclasm_vaults_gateway,
          vaults_room_door_ring, vaults_dpeg_diagonal, layout_vaults_big_cross,
          serial_shops, nicolae_diamond_shop
Vaults:4: v_misc_13, vaults_standard_mumra_x, v_misc_9, hangedman_vaults_maws,
          ontoclasm_vaults_decontamination, hangedman_vaults_trim,
          nicolae_vaults_little_squares_5, nicolae_vaults_network_s,
          vaults_room_stairs_pillars, v_alt_pattern_2, ontoclasm_vaults_shout,
          layout_vaults_maze_snakey, serial_shops, nicolae_square_shop
Depths:1: layout_cave_pools, abyss_entry, pf_coc_iceberg, gammafunk_ghost_grave,
          solitary_fountain
Depths:2: lemuel_traditional_vault, layout_basic, enter_ziggurat_d,
          rand_demon_pan_entry_4, kennysheep_another_room, hell_entry,
          drop_trap, uniq_nikola
Depths:3: nzn_winding_woodlands_large [nzn_winding_woodlands_5x5_closed_star,
          nzn_winding_woodlands_5x15_concentric,
          nzn_winding_woodlands_hourglass, nzn_winding_woodlands_center_lodge,
          nzn_winding_woodlands_15x15_boxy_spiral,
          nzn_winding_woodlands_center_triple_pond,
          nzn_winding_woodlands_5x5_three, nzn_winding_woodlands_5x15_longhouse,
          nzn_winding_woodlands_5x5_checkerboard], layout_twisted_cross,
          hell_entry, serial_glass, glass_columns_b, glass_columns_a,
          serial_shops, shop_fountains, shop, nicolae_take_the_stairs,
          abyss_entry_flame_altar, minmay_hedge_maze, kennysheep_generic_room_3,
          minmay_staircase_bubble
Depths:4: evilmike_zot_entry_argh, layout_gridlike, ebering_ghost_rock_garden,
          rand_demon_pan_entry_8, hell_entry

Skill      XL: |  1  2  3  4  5  6  7  8  9 10 11 12 13 14 15 16 17 18 19 20 21 22 |
---------------+-------------------------------------------------------------------+-----
Dodging        | 3 4 5 8 9 11 12 13 14 16 | 16.9
Short Blades   | 2 3 4 5 6 8 10 13 14 | 14.0
Hexes          | 4 5 6 7 8 10 11 12 13 14 15 17 20 21 | 21.1
Stealth        | 5 6 7 9 11 13 15 16 17 18 19 20 23 25 27 | 27.0
Ice Magic      | 1 3 |  3.0
Evocations     | 4 5 7 9 17 19 20 | 20.0
Spellcasting   | 4 7 11 12 13 | 13.3
Fighting       | 1 3 5 6 7 9 10 11 12 | 12.4
Shields        | 1 3 4 5 6 8 9 |  9.0
Invocations    | 2 4 5 7 9 10 11 12 | 12.5
Conjurations   | 3 |  3.0
Translocations | 4 7 |  7.0
Armour         | 4 5 |  5.0

Action                   |  1- 3 |  4- 6 |  7- 9 | 10-12 | 13-15 | 16-18 | 19-21 | 22-24 || total
-------------------------+-------+-------+-------+-------+-------+-------+-------+-------++-------
Melee: Dagger            |    61 |    55 |       |       |       |       |       |       ||   116
       Punch             |       |     2 |     1 |       |       |       |       |       ||     3
       Rapier            |       |    29 |   161 |   398 |   835 |  1023 |  1072 |   205 ||  3723
       Staff             |       |       |     1 |       |       |       |       |       ||     1
       Quick blade       |       |       |       |       |       |    50 |       |       ||    50
 Fire: Sling             |       |       |    50 |    67 |    24 |       |       |       ||   141
Throw: Dart              |     1 |       |       |       |       |       |       |       ||     1
       Throwing net      |       |       |       |     2 |     5 |       |       |       ||     7
       Boomerang         |       |       |       |       |       |     5 |       |       ||     5
 Cast: Ensorcelled Hiber |    14 |    16 |    58 |    65 |    96 |    66 |       |       ||   315
       Tukima's Dance    |       |     1 |    11 |    31 |    84 |    28 |       |       ||   155
       Slow              |       |       |     5 |       |       |     1 |       |       ||     6
       Dazzling Flash    |       |       |       |       |    46 |    82 |       |       ||   128
       Enfeeble          |       |       |       |       |       |    22 |   196 |    62 ||   280
       Blink             |       |       |       |       |       |       |     2 |       ||     2
Invok: Shadow Step       |       |       |       |     2 |     1 |     1 |       |       ||     4
Evoke: Wand              |       |       |     1 |     2 |     1 |     2 |     1 |       ||     7
       Condenser vane    |       |       |       |     1 |     2 |     2 |     8 |     1 ||    14
       Box of beasts     |       |       |       |     1 |     1 |     2 |     1 |       ||     5
       Phantom mirror    |       |       |       |       |     1 |     2 |     2 |       ||     5
       Phial of floods   |       |       |       |       |       |     1 |       |       ||     1
       Tin of tremorston |       |       |       |       |       |       |     7 |     1 ||     8
  Use: Potion            |       |     2 |       |     3 |     3 |     2 |     1 |     2 ||    13
       Scroll            |       |       |     4 |     9 |    11 |    10 |     1 |       ||    35
 Stab: Sleeping          |    16 |    12 |    33 |    77 |   111 |   129 |   153 |     3 ||   534
       Distracted        |       |     1 |     3 |     5 |    13 |    37 |    19 |     3 ||    81
       Held in net/web   |       |       |       |       |     2 |       |       |       ||     2
       Invisible         |       |       |       |       |    36 |    67 |   112 |    44 ||   259
       Fleeing           |       |       |       |       |     1 |       |       |       ||     1
Armor: Robe              |       |     8 |     6 |       |       |       |       |       ||    14
       Acid dragon scale |       |       |     1 |    28 |    34 |    38 |    84 |    12 ||   197
Dodge: Dodged            |    34 |    62 |   118 |   250 |   501 |   712 |   904 |   152 ||  2733
Block: Buckler           |       |       |    20 |    87 |   262 |   286 |   469 |    69 ||  1193

Table legend: (Time is in decaauts)
 A = Elapsed time spent in this place.
 B = Non-inter-level travel time spent in this place.
 C = Inter-level travel time spent in this place.
 D = Time resting spent in this place.
 E = Time spent auto-exploring this place.
 F = Levels seen in this place.
 G = Mean time per level.
                   A        B        C        D        E       F      G
               +--------+--------+--------+--------+--------+-----+--------+
         Total |  54047 |  51194 |   2853 |  17917 |  22196 |  44 | 1228.3 |
       Dungeon |  12234 |  11338 |    896 |   2735 |   5949 |  15 |  815.6 |
        Temple |    175 |    161 |     14 |      0 |    147 |   1 |  175.0 |
          Lair |   4834 |   4313 |    521 |    776 |   2448 |   5 |  966.8 |
         Swamp |   4444 |   4320 |    124 |   2194 |   1215 |   4 | 1111.0 |
     Snake Pit |  10395 |   9871 |    524 |   4466 |   3572 |   4 | 2598.8 |
  Orcish Mines |   3378 |   3167 |    211 |   1387 |    908 |   2 | 1689.0 |
   Elven Halls |   4478 |   4304 |    174 |   1676 |   1673 |   3 | 1492.7 |
        Vaults |   7425 |   7117 |    308 |   2291 |   3417 |   4 | 1856.2 |
        Depths |   6035 |   5958 |     77 |   2251 |   2584 |   4 | 1508.8 |
        Bailey |    600 |    600 |      0 |    138 |    278 |   1 |  600.0 |
      Ice Cave |     45 |     45 |      0 |      0 |      0 |   1 |   45.0 |
               +--------+--------+--------+--------+--------+-----+--------+

Top non-repeatable levels by time:
 Snake:3: 3725 daAuts
 Snake:4: 2956 daAuts
   Elf:3: 2646 daAuts
 Snake:2: 2298 daAuts
Depths:3: 2225 daAuts
Depths:2: 2185 daAuts
Vaults:1: 2134 daAuts
 Swamp:3: 2064 daAuts
     D:5: 2027 daAuts
Vaults:4: 1979 daAuts
   Orc:2: 1786 daAuts
Vaults:2: 1778 daAuts
  Lair:2: 1744 daAuts
   Orc:1: 1592 daAuts
Vaults:3: 1533 daAuts
